 Dungeon Sprint DCSS version 0.23.2-40-g277498a001 (webtiles) character file.

Game seed: 14090945001044927076

385 Cryoshakespeare the Zephyrmancer (level 6, -4/32 HPs)
             Began as a Tengu Air Elementalist on Sept 23, 2019.
             Was a Priest of Vehumet.
             Slain by a cyan ugly thing (13 damage)
             ... in the Dungeon (Sprint IX: "|||||||||||||||||||||||||||||").
             The game lasted 00:03:37 (686 turns).

Cryoshakespeare the Zephyrmancer (TeAE)              Turns: 686, Time: 00:03:38

Health: -4/32      AC:  2    Str: 12    XL:     6   Next: 77%
Magic:  3/10       EV: 17    Int: 17    God:    Vehumet [***...]
Gold:   0          SH:  0    Dex: 14    Spells: 3/9 levels left

rFire    . . .     SeeInvis .   l - staff of energy
rCold    . . .     Gourm    .   (no shield)
rNeg     . . .     Faith    .   a - +0 robe
rPois    .         Spirit   .   (helmet restricted)
rElec    .         Reflect  .   (no cloak)
rCorr    .         Harm     .   (no gloves)
MR       .....     NoTele   +   (boots unavailable)
Stlth    ++........             (no amulet)
HPRegen  0.10/turn              m - +2 ring of evasion
MPRegen  0.12/turn              n - +3 ring of strength

@: flying quickly and evasively, very slightly contaminated, quick
A: beak, talons 3, able to fly
a: Stop Flying, Renounce Religion


You were in the Dungeon.
You worshipped Vehumet.
Vehumet was most pleased with you.
You were not hungry.

You visited 1 branch

Inventory:

Armour
 a - a +0 robe (worn)
Magical Staves
 l - an uncursed staff of energy (weapon)
Jewellery
 m - a +2 ring of evasion (left hand)
 n - a +3 ring of strength (right hand)
Wands
 k - a wand of iceblast (10)
Scrolls
 f - 3 scrolls of remove curse
 i - a scroll of blinking
 j - 2 scrolls of amnesia
Potions
 b - a potion of invisibility
 e - 4 potions of curing
 g - 4 potions of magic
 h - a potion of berserk rage
Comestibles
 c - a ration


   Skills:
 - Level 2.1 Dodging
 - Level 2.0 Stealth
 - Level 2.0 Spellcasting
 + Level 12.5 Conjurations
 + Level 13.0 Air Magic


You had 3 spell levels left.
You knew the following spells:

 Your Spells              Type           Power        Failure   Level  Hunger
a - Shock                 Conj/Air       ####         1%          1    None
b - Lightning Bolt        Conj/Air       #####.....   1%          5    None

Your spell library contained the following spells:

 Spells                   Type           Power        Failure   Level  Hunger
 Flame Tongue             Conj/Fire      ###..        1%          1    None
 Swiftness                Chrm/Air       ###.....     1%          2    None
 Static Discharge         Conj/Air       #####...     1%          3    None
 Airstrike                Air            #####.....   1%          4    None


Dungeon Overview and Level Annotations

Branches:
Dungeon (1/1)

Altars:
Cheibriados
Dithmenos
Elyvilon
Fedhas
Gozag
Hepliaklqana
Kikubaaqudgha
Makhleb
Nemelex Xobeh
Okawaru
Qazlal
Ru
Sif Muna
Trog
Uskayaw
Vehumet
Wu Jian
Xom
Yredelemnul
Zin
The Shining One
Beogh
Jiyva
Lugonu


Innate Abilities, Weirdness & Mutations

You have a beak for a mouth.
You have claws for feet.
You can fly continuously.


Message History

There is a hide-covered altar of Uskayaw here.
You see here a hound corpse.
There is a radiant altar of Vehumet here.
There is an ornate altar of the Wu Jian Council here.
There is a shimmering altar of Xom here.
All of the chunks of flesh in your inventory have rotted away.
There is a basalt altar of Yredelemnul here.
Nothing appears to happen.
You channel some magical energy.
You feel slightly more hungry.
There is a glowing silver altar of Zin here.
There is a glowing golden altar of the Shining One here.
There is an open door here.
The cyan ugly thing gurgles horribly!
Nothing appears to happen.
The cyan ugly thing misses you.
Items here: ))))))
You hit the cyan ugly thing.
The cyan ugly thing is lightly wounded.
The cyan ugly thing bites you!
You die...

▓_▓
▓_▓
▓_▓
▓_▓
▓'▓
▓.▓
▓.▓
▓T▓
▓@▓
▓u▓
▓[▓
▓[▓
▓.▓
▓.▓
▓'▓
▓[▓
▓.▓


You could see a cyan ugly thing and a troll.

Vanquished Creatures
  An orc warrior (D)
  An eye of draining (D)
  A scorpion (D)
  A howler monkey (D)
  A hound (D)
  An orc wizard (D)
  A worker ant (D)
  An adder (D)
  A shadow imp (D)
  An adder skeleton (D)
  An orc (D)
  2 bat zombies (D)
  A goblin (D)
  A jackal (D)
  A giant cockroach zombie (D)
  A kobold (D)
  A leopard gecko zombie (D)
  2 rats (D)
20 creatures vanquished.

Notes
Turn   | Place    | Note
-------+----------+-------------------------------------------
     0 | D        | Cryoshakespeare the Tengu Air Elementalist began the quest
                  | for the Orb.
     0 | D        | Reached XP level 1. HP: 10/10 MP: 4/4
     6 | D        | Reached skill level 5 in Air Magic
    75 | D        | Noticed a worker ant
    77 | D        | Reached skill level 6 in Air Magic
    77 | D        | Reached XP level 2. HP: 15/15 MP: 3/6
    93 | D        | Reached skill level 7 in Air Magic
    93 | D        | Reached XP level 3. HP: 5/19 MP: 0/7
   352 | D        | Found a roughly hewn altar of Beogh.
   352 | D        | Found a snail-covered altar of Cheibriados.
   352 | D        | Found a shadowy altar of Dithmenos.
   352 | D        | Found a white marble altar of Elyvilon.
   352 | D        | Found a blossoming altar of Fedhas.
   352 | D        | Found an opulent altar of Gozag.
   353 | D        | Found a hazy altar of Hepliaklqana.
   354 | D        | Found a viscous altar of Jiyva.
   355 | D        | Found an ancient bone altar of Kikubaaqudgha.
   356 | D        | Found a corrupted altar of Lugonu.
   357 | D        | Found a burning altar of Makhleb.
   358 | D        | Found a sparkling altar of Nemelex Xobeh.
   359 | D        | Found an iron altar of Okawaru.
   360 | D        | Found a stormy altar of Qazlal.
   361 | D        | Found a sacrificial altar of Ru.
   362 | D        | Found a deep blue altar of Sif Muna.
   363 | D        | Found a bloodstained altar of Trog.
   364 | D        | Found a hide-covered altar of Uskayaw.
   365 | D        | Found a radiant altar of Vehumet.
   366 | D        | Found an ornate altar of the Wu Jian Council.
   367 | D        | Found a shimmering altar of Xom.
   368 | D        | Found a basalt altar of Yredelemnul.
   369 | D        | Found a glowing silver altar of Zin.
   370 | D        | Found a glowing golden altar of the Shining One.
   373 | D        | Became a worshipper of Vehumet
   399 | D        | Noticed a scorpion
   402 | D        | Reached * piety under Vehumet
   402 | D        | Offered knowledge of Sting by Vehumet.
   403 | D        | Reached skill level 8 in Air Magic
   403 | D        | Reached XP level 4. HP: 21/24 MP: 4/8
   403 | D        | Reached skill level 9 in Air Magic
   403 | D        | Gained mutation: You can fly continuously. [Tengu growth]
   403 | D        | Reached XP level 5. HP: 24/28 MP: 4/9
   404 | D        | Reached ** piety under Vehumet
   404 | D        | Reached skill level 10 in Air Magic
   411 | D        | Learned a level 5 spell: Lightning Bolt
   468 | D        | Noticed an eye of draining
   468 | D        | Noticed an orc warrior
   468 | D        | Noticed a troll
   468 | D        | Noticed a cyan ugly thing
   472 | D        | Killed an orc warrior
   472 | D        | Reached skill level 11 in Air Magic
   472 | D        | Reached XP level 6. HP: 32/32 MP: 3/10
   565 | D        | Killed an eye of draining
   565 | D        | Offered knowledge of Flame Tongue by Vehumet.
   565 | D        | Reached skill level 12 in Air Magic
   604 | D        | Reached *** piety under Vehumet
   604 | D        | Reached skill level 13 in Air Magic
   686 | D        | Slain by a cyan ugly thing

Skill      XL: |  1  2  3  4  5  6 |
---------------+-------------------+-----
Conjurations   | 4 6 7 8 11 12 | 12.5
Air Magic      | 6 7 8 9 11 13 | 13.0
Dodging        | |  2.1
Stealth        | |  2.0
Spellcasting   | |  2.0

Action                   |  1- 3 |  4- 6 || total
-------------------------+-------+-------++-------
Melee: Staff             |       |     1 ||     1
 Cast: Shock             |    11 |    10 ||    21
       Lightning Bolt    |       |     4 ||     4
 Abil: Fly               |       |     1 ||     1
Evoke: Staff of energy   |       |     2 ||     2
  Use: Potion            |     3 |     2 ||     5
       Scroll            |       |     1 ||     1
Armor: Robe              |     1 |     1 ||     2
Dodge: Dodged            |     1 |     3 ||     4
